 Dungeon Sprint DCSS version 0.19.0-19-g8c6edcc (webtiles) character file.

444 Qew7 the Spear-Bearer (level 7, -2/41 HPs)
             Began as a Vine Stalker Fighter on Nov 12, 2016.
             Was a Believer of Cheibriados.
             Slain by a komodo dragon (15 damage)
             ... in the Dungeon (Sprint IX: "|||||||||||||||||||||||||||||").
             The game lasted 00:04:27 (350 turns).

Qew7 the Spear-Bearer (Vine Stalker Fighter)         Turns: 350, Time: 00:04:27

Health: -2/41      AC: 10    Str: 27    XL:     7   Next: 3%
Magic:  0/2        EV: 11    Int: 15    God:    Cheibriados [**....]
Gold:   0          SH:  0    Dex: 18    Spells: 0 memorised, 6 levels left

rFire  . . .     SeeInvis .     q - +2 halberd (antimagic)
rCold  . . .     Gourm    .     u - +1 scale mail
rNeg   . . .     Faith    .     (shield currently unavailable)
rPois  .         Spirit   +     (no helmet)
rElec  .         Reflect  .     t - +0 cloak
rCorr  .         Harm     .     (no gloves)
MR     .....     NoTele   +     (no boots)
Stlth  ..........               (no amulet)
                                w - +3 ring of intelligence
                                v - +3 ring of strength

@: very slow
A: fangs 2, regeneration 1, magic shield, antimagic bite, no device heal 3, rot
immunity
a: Bend Time, Renounce Religion


You were in the Dungeon.
You worshipped Cheibriados.
Cheibriados was pleased with you.
You were not hungry.

You visited 1 branch

Inventory:

Hand Weapons
 a - a +0 trident
 q - a +2 antimagic halberd (weapon)
 r - a +4 quarterstaff of crushing
 s - the +2 rapier of Ebleew {pierce, +Blink rPois}
   (You found it in the Dungeon)

   It inflicts extra damage upon your enemies.
   It protects you from poison.
   It lets you blink.
Armour
 b - a +0 scale mail
 t - a +0 cloak (worn)
 u - a +1 scale mail (worn)
Magical Staves
 p - an uncursed staff of energy
Jewellery
 v - a +3 ring of strength (left hand)
 w - a +3 ring of intelligence (right hand)
Wands
 o - a wand of lightning (7/15)
Scrolls
 k - 2 scrolls of blinking
 m - 3 scrolls of remove curse
 n - 2 scrolls of amnesia
Potions
 d - a potion of might
 e - 5 potions of curing
 g - 3 potions of heal wounds
 h - a potion of haste
 i - 4 potions of magic
 j - a potion of berserk rage
 l - a potion of invisibility


   Skills:
 + Level 6.8 Fighting
 + Level 8.5 Polearms
 + Level 7.4 Armour
 + Level 1.2 Dodging
   Level 3.6 Shields


You had 6 spell levels left.
You didn't know any spells.

Dungeon Overview and Level Annotations

Branches:
Dungeon (1/1)

Altars:
Cheibriados
Dithmenos
Elyvilon
Fedhas
Gozag
Hepliaklqana
Kikubaaqudgha
Makhleb
Nemelex Xobeh
Okawaru
Qazlal
Ru
Sif Muna
Trog
Uskayaw
Vehumet
Xom
Yredelemnul
Zin
The Shining One
Beogh
Jiyva
Lugonu


Innate Abilities, Weirdness & Mutations

You have extremely sharp teeth.
Your natural rate of healing is unusually fast.
When hurt, damage is shared between your health and your magic reserves.
Your bite disrupts and absorbs the magic of your enemies.
Potions and wands cannot restore your health.
You are immune to rotting.


Message History

You puncture the komodo dragon! You bite the komodo dragon.
You drain its power.
You feel invigorated.
The komodo dragon is severely wounded.
The komodo dragon barely misses you.
The deep elf mage mumbles some strange words.
The deep elf mage blinks!
You hit the komodo dragon but do no damage.
Your bite misses the komodo dragon.
The komodo dragon is severely wounded.
The kobold demonologist gestures wildly while chanting.
The komodo dragon completely misses you.
You closely miss the komodo dragon.
You bite the komodo dragon, but do no damage.
The komodo dragon is severely wounded.
The komodo dragon bites you but does no damage.
You puncture the komodo dragon! You bite the komodo dragon.
You drain its power.
You feel invigorated.
The komodo dragon is almost dead.
The komodo dragon bites you!
You die... ▓▓▓▓▓▓▓▓▓▓▓▓▓▓▓▓▓▓▓▓▓▓▓▓ '...).[..[).....@lKcH.eo ▓▓▓▓▓▓▓▓▓▓▓▓▓▓▓▓▓▓▓▓▓▓▓▓

You could see a manticore, a komodo dragon, a deep elf mage, a kobold demonologist, a centaur and an orc.

Vanquished Creatures
  A yak (D)
  A hungry ghost (D)
  An orc warrior (D)
  A crimson imp (D)
  An adder (D)
  A shadow imp (D)
  An adder zombie (D)
  A dart slug (D)
  A leopard gecko (D)
  An orc (D)
  A jackal (D)
  A bat (D)
  A frilled lizard (D)
  A jackal skeleton (D)
  A jackal zombie (D)
  A kobold (D)
16 creatures vanquished.

Notes
Turn   | Place    | Note
-------+----------+-------------------------------------------
     0 | D        | Qew7 the Vine Stalker Fighter began the quest for the Orb.
     0 | D        | Reached XP level 1. HP: 11/11 MP: 2/2
     8 | D        | Reached skill level 2 in Polearms
    26 | D        | Reached XP level 2. HP: 10/16 MP: 3/3
    55 | D        | Found a roughly hewn altar of Beogh.
    55 | D        | Found a snail-covered altar of Cheibriados.
    55 | D        | Found a shadowy altar of Dithmenos.
    55 | D        | Found a white marble altar of Elyvilon.
    55 | D        | Found a blossoming altar of Fedhas.
    55 | D        | Found an opulent altar of Gozag.
    56 | D        | Found a hazy altar of Hepliaklqana.
    57 | D        | Found a viscous altar of Jiyva.
    58 | D        | Found an ancient bone altar of Kikubaaqudgha.
    59 | D        | Became a worshipper of Cheibriados the Contemplative
    60 | D        | Found a corrupted altar of Lugonu.
    61 | D        | Found a burning altar of Makhleb.
    62 | D        | Found a sparkling altar of Nemelex Xobeh.
    63 | D        | Found an iron altar of Okawaru.
    64 | D        | Found a stormy altar of Qazlal.
    65 | D        | Found a sacrificial altar of Ru.
    66 | D        | Found a deep blue altar of Sif Muna.
    67 | D        | Found a bloodstained altar of Trog.
    68 | D        | Found a hide-covered altar of Uskayaw.
    69 | D        | Found a radiant altar of Vehumet.
    70 | D        | Found a shimmering altar of Xom.
    71 | D        | Found a basalt altar of Yredelemnul.
    72 | D        | Found a glowing silver altar of Zin.
    73 | D        | Found a glowing golden altar of the Shining One.
    94 | D        | Got the +2 rapier of Ebleew {pierce, +Blink rPois}
   255 | D        | Noticed a crimson imp
   255 | D        | Noticed an orc warrior
   255 | D        | Noticed a hungry ghost
   255 | D        | Noticed a yak
   258 | D        | Killed a crimson imp
   258 | D        | Reached skill level 3 in Polearms
   258 | D        | Reached XP level 3. HP: 21/21 MP: 1/4
   261 | D        | Reached skill level 4 in Polearms
   261 | D        | Gained mutation: Your natural rate of healing is unusually fast. [Vine Stalker growth]
   261 | D        | Reached XP level 4. HP: 26/26 MP: 1/5
   266 | D        | Killed an orc warrior
   266 | D        | Reached * piety under Cheibriados
   266 | D        | Reached skill level 5 in Fighting
   266 | D        | Reached skill level 5 in Polearms
   266 | D        | Reached skill level 5 in Armour
   266 | D        | Reached XP level 5. HP: 5/30 MP: 0/6
   269 | D        | Killed a hungry ghost
   269 | D        | Reached skill level 7 in Polearms
   269 | D        | Reached skill level 1 in Dodging
   269 | D        | Reached XP level 6. HP: 9/37 MP: 2/7
   276 | D        | Killed a yak
   276 | D        | Reached skill level 8 in Polearms
   276 | D        | Reached XP level 7. HP: 4/41 MP: 2/8
   278 | D        | Reached ** piety under Cheibriados
   345 | D        | Noticed a komodo dragon
   345 | D        | Noticed a kobold demonologist
   345 | D        | Noticed a manticore
   345 | D        | Noticed a deep elf mage
   350 | D        | Slain by a komodo dragon

Skill      XL: |  1  2  3  4  5  6 |
---------------+-------------------+-----
Fighting       | 3 4 5 6 |  6.8
Polearms       | 2 3 4 5 7 8 |  8.5
Shields        | 3 |  3.6
Armour         | 3 4 5 6 7 |  7.4
Dodging        | 1 |  1.2

Action                   |  1- 3 |  4- 6 |  7- 9 || total
-------------------------+-------+-------+-------++-------
Melee: Trident           |    38 |       |       ||    38
       Bite              |     8 |    11 |     4 ||    23
       Halberd           |     6 |    14 |     7 ||    27
  Eat: Bread ration      |       |       |     1 ||     1
Armor: Scale mail        |    16 |     6 |     1 ||    23
Dodge: Dodged            |     8 |     2 |     4 ||    14
Block: Shield            |    11 |       |       ||    11
